[Event "1000GM Schev-C-B February 2024"]
[Site "Santa Clara"]
[Date "2024.02.24"]
[Round "1.1"]
[White "Xia, Joshua"]
[Black "Gongora Montes, Benjamin"]
[Result "0-1"]
[ECO "C78"]
[WhiteElo "1922"]
[BlackElo "2173"]
[Annotator "RC"]
[PlyCount "62"]
[EventDate "2024.02.13"]
[EventType "schev"]
[EventCountry "USA"]
[SourceTitle "playchess.com"]
[Source "ChessBase"]
[SourceQuality "1"]
[TimeControl "5400+30"]

1. e4 e5 2. Nf3 Nc6 3. Bb5 a6 4. Ba4 Nf6 5. O-O b5 6. Bb3 Bc5 7. a4 Bb7 8. c3 d6 9. d4 Bb6 10. Bg5 h6 11. Bh4 O-O 12. Re1 Re8 13. axb5 axb5 14. Rxa8 Bxa8 15. Qd2 Bb7 16. h3 Qe7 17. Na3 exd4 18. cxd4 Ba5 19. Qd3 Bxe1 20. Qxb5 Ba8 21. Bxf6 Qxf6 22. Nxe1 Rb8 23. Qc4 Nxd4 24. Qxc7 Rxb3 25. Qc8+ Kh7 26. Qxa8 Rxb2 27. Nd3 Rb3 28. Ne1 Ne2+ 29. Kf1 Ng3+ 30. Kg1 Qa1 31. fxg3 Qxe1+ 0-1

[Event "1000GM Schev-C-B February 2024"]
[Site "Santa Clara"]
[Date "2024.02.24"]
[Round "1.2"]
[White "Qi, Jenny"]
[Black "Vidarte Morales, Arturo"]
[Result "0-1"]
[ECO "B78"]
[WhiteElo "1605"]
[BlackElo "2261"]
[Annotator "TA"]
[PlyCount "104"]
[EventDate "2024.02.13"]
[EventType "schev"]
[EventCountry "USA"]
[SourceTitle "playchess.com"]
[Source "ChessBase"]
[SourceQuality "1"]
[TimeControl "5400+30"]

1. e4 c5 2. Nf3 g6 3. d4 cxd4 4. Nxd4 Bg7 5. Nc3 Nc6 6. Be3 d6 7. Qd2 Nf6 8. f3 O-O 9. Bc4 Bd7 10. h4 h5 11. O-O-O Rc8 12. Bb3 Ne5 13. Bg5 Qa5 (13... Rc5 $11) 14. Kb1 $1 $14 Rxc3 15. Qxc3 (15. bxc3 $6 Rc8 $11) 15... Qxc3 16. bxc3 {Weiß steht besser.} Rc8 17. Ne2 a5 18. a4 Be8 19. Nf4 Kf8 $1 20. Bxf6 (20. Nd5 $14 Nxd5 21. Rxd5) 20... Bxf6 $11 21. g4 Rxc3 (21... hxg4 $17 22. fxg4 Nxg4 (22... Rxc3 23. Nd5 $11)) 22. gxh5 $15 Rxf3 (22... Nxf3 $2 23. hxg6 Bxa4 24. Bxf7 (24. Bxa4 Ra3 $16) 24... Bxc2+ 25. Ka2 $18) 23. Rdf1 {Weiss hat schwache schwarze Felder} gxh5 24. Nxh5 {[#] Schwarz muss nun Rxf3 beachten.} Bxh4 $1 25. Rxf3 (25. Nf4 Bf6) 25... Nxf3 26. Ka2 {[#]} (26. Bd5 $15) 26... Bg5 $1 $17 27. Ng3 Bf6 {[%emt 0:13:00] Wehrt Rh8+ ab} 28. Nf5 ({Günstiger ist} 28. Bd5) 28... Ng5 29. Ng3 e6 {[%emt 0:00:00] Gegen Bd5 gerichtet.} 30. Rh5 Ke7 (30... Bc6 $142 31. Ka3 b6 (31... Bxe4 32. Rxg5 Bxg5 33. Nxe4 $14)) 31. Rh6 (31. c3 $17 {war einen Versuch wert.}) 31... Bc6 32. Rh4 (32. Rh5 {war nötig.}) 32... Be5 {[%emt 0:00:00] Das Läuferpaar ist gut.} 33. Rh5 Nf3 (33... Bxg3 34. Rxg5 Be5 35. Rg4 $19) 34. Ne2 Bxe4 35. Nc1 Bg6 36. Rh1 Nd4 37. Nd3 Bf6 38. Rh2 Nc6 39. Bc4 d5 40. Bb5 Nd4 41. Kb1 Kd6 42. Rf2 Bg7 43. Nf4 Bxc2+ (43... Nxb5 $142 44. axb5 Bd4) 44. Rxc2 $19 Nxc2 45. Kxc2 Be5 (45... e5 $142 46. Nh5 Bf8) 46. Ne2 $17 f5 47. Kd3 (47. Be8 $17 {war angesagt.}) 47... Bg7 ({Besser ist} 47... Bf6 $19 48. Nc1 e5) 48. Nd4 $2 (48. Kc2 $17) 48... Bxd4 49. Kxd4 e5+ (49... f4 $142 50. Be2 e5+ 51. Kd3 Kc5 52. Bg4 e4+ 53. Ke2 d4 54. Kd2 f3 55. Ke1 d3 56. Bc8 e3 57. Bxb7 f2+ 58. Kf1 Kc4 59. Bg2 Kc3 60. Bc6 d2 (60... Kd2 {wird mattgesetzt.} 61. Bg2 e2+ 62. Kxf2 e1=Q+ 63. Kf3 Qe2+ 64. Kf4 Qxg2 65. Kf5 Ke2 66. Ke6 d2 67. Kd7 d1=Q+ 68. Kc7 Qd4 69. Kc8 Qc6+ 70. Kb8 Qdb6#) 61. Bf3 Kc2 62. Be4+ Kc1 63. Bf3 d1=Q+ (63... d1=R+ 64. Bxd1 Kxd1 65. Kg2 Kd2 66. Kh3 f1=Q+ 67. Kg4 e2 68. Kg5 e1=Q 69. Kg4 Qe6+ 70. Kh4 Qh6+ 71. Kg4 Qfh3#) 64. Bxd1 Kxd1 65. Kg2 Kd2 (65... f1=Q+ 66. Kxf1 e2+ 67. Kg2 e1=Q 68. Kf3 Qe5 69. Kf2 Qf4+ 70. Kg2 Ke2 71. Kh3 Qg5 72. Kh2 Kf3 73. Kh3 Qh6#) (65... e2 {ist ein Selbstmatt.} 66. Kxf2 e1=Q+ 67. Kf3 Qe5 68. Kf2 Qf4+ 69. Kg2 Ke1 70. Kh3 Qg5 71. Kh2 Kf2 72. Kh3 Qh5#) 66. Kh3 e2 (66... f1=R {führt zum Matt.} 67. Kh4 e2 68. Kg5 e1=Q 69. Kg4 Qe4+ 70. Kh5 Rg1 71. Kh6 Qh4#) 67. Kg4 e1=Q (67... e1=N 68. Kf5 f1=Q+ 69. Ke6 Qa6+ 70. Kf5 Ke3 71. Ke5 Nd3+ 72. Kd5 Nf4+ 73. Kc5 Ne6+ 74. Kd5 Nd4 75. Ke5 Qe6#) 68. Kh4 f1=Q+ (68... f1=R+ 69. Kg4 Qe4+ 70. Kh3 Rg1 71. Kh2 Qh1#) 69. Kg4 Qe4+ 70. Kh5 Qh3+ 71. Kg5 Qhh4#) 50. Ke3 $19 {Schwarz steht klar auf Gewinn.} d4+ 51. Kf3 Kd5 52. Bd7 {[%emt 0:07:53] [#]} f4 $2 {[%emt 0:00:00][%mdl 32768] Gewichteter Fehlerwert: Weiß=0.42/Schwarz=0.40.  Verlustzug:     	Weiß=1     	---        Fehler:       	Weiß=7     	Schwarz=5     Ungenau:       	Weiß=1     	Schwarz=1     OK:         	Weiß=5     	Schwarz=10    Bester:       	Weiß=1     	Schwarz=2     Stark:        	---       	Schwarz=2    . Zeitüberschreitung!?} (52... e4+ $1 $19 53. Kf4 Kc4 54. Kxf5 Kd3 (54... e3 $2 55. Ke4 $19)) 0-1

[Event "1000GM Schev-C-B February 2024"]
[Site "Santa Clara"]
[Date "2024.02.24"]
[Round "1.3"]
[White "Widjaja, Luke"]
[Black "Gracia Alvarez, Gerardo Antonio"]
[Result "1-0"]
[ECO "C02"]
[WhiteElo "2037"]
[BlackElo "2224"]
[Annotator "RC"]
[PlyCount "163"]
[EventDate "2024.02.13"]
[EventType "schev"]
[EventCountry "USA"]
[SourceTitle "playchess.com"]
[Source "ChessBase"]
[SourceQuality "1"]
[TimeControl "5400+30"]

1. e4 e6 2. d4 d5 3. e5 c5 4. c3 Nc6 5. Nf3 Bd7 6. Be2 Nge7 7. Na3 cxd4 8. cxd4 Nf5 9. Nc2 Qb6 10. O-O Rc8 11. Kh1 Na5 12. g4 Ne7 13. Nh4 Bb5 14. f4 Bxe2 15. Qxe2 Qa6 16. Qxa6 bxa6 17. Ne3 Nc4 18. f5 Nc6 19. fxe6 fxe6 20. b3 Nxe3 21. Bxe3 Ba3 22. Ng2 Nb4 23. Rad1 Rc6 24. h4 Rf8 25. Nf4 Nxa2 26. Ra1 Bc1 27. Rfxc1 Nxc1 28. Rxc1 Rxc1+ 29. Bxc1 Kd7 30. Nd3 Rf1+ 31. Kg2 Rd1 32. Nc5+ Ke7 33. Be3 Rb1 34. h5 h6 35. g5 hxg5 36. Bxg5+ Kf7 37. Nb7 Rb2+ 38. Kf1 Ke8 39. Nc5 Kf7 40. h6 gxh6 41. Bxh6 Kg6 42. Be3 Kf5 43. Ke1 Rh2 44. Kd1 a5 45. Bd2 Rh4 46. Bc3 Rh1+ 47. Kc2 Rh2+ 48. Bd2 Rg2 49. Kd3 Rg3+ 50. Be3 Rg7 51. Bf2 Rh7 52. Be3 Rg7 53. Bc1 Rg3+ 54. Kc2 Rg2+ 55. Kb1 Rg1 56. Kb2 Rd1 57. Be3 Rh1 58. Kc3 Rh3 59. Kd3 Rh7 60. Bf2 Rh2 61. Be1 Rh3+ 62. Ke2 Rh2+ 63. Kf3 Ra2 64. Bc3 a4 65. Nxa4 Rh2 66. Ke3 Rh3+ 67. Kd2 Rh2+ 68. Kc1 Ke4 69. Nc5+ Ke3 70. Nxe6 Kd3 71. Bb4 Rh6 72. Ng7 Rg6 73. Nf5 Ke4 74. Ne7 Rg1+ 75. Kb2 Kxd4 76. Nc6+ Kd3 77. e6 Rg2+ 78. Ka3 Re2 79. e7 Re6 80. Nxa7 Kc2 81. Bc5 d4 82. Nb5 1-0

[Event "1000GM Schev-C-B February 2024"]
[Site "Santa Clara"]
[Date "2024.02.24"]
[Round "1.4"]
[White "Echavarria, Johann"]
[Black "Chinni, Rishabh"]
[Result "1-0"]
[ECO "E11"]
[WhiteElo "2269"]
[BlackElo "1939"]
[Annotator "RC"]
[PlyCount "73"]
[EventDate "2024.02.13"]
[EventType "schev"]
[EventCountry "USA"]
[SourceTitle "playchess.com"]
[Source "ChessBase"]
[SourceQuality "1"]
[TimeControl "5400+30"]

1. d4 Nf6 2. c4 e6 3. Nf3 Bb4+ 4. Bd2 a5 5. a3 Be7 6. Nc3 d5 7. Bf4 c6 8. e3 O-O 9. h3 Bd6 10. c5 Bxf4 11. exf4 Nbd7 12. Bd3 b6 13. b4 bxc5 14. bxc5 Ba6 15. Bxa6 Rxa6 16. Qa4 Qb8 17. Ne2 Qb2 18. Qd1 Raa8 19. O-O Ne4 20. Qd3 Qb7 21. Rab1 Qc7 22. Ne5 Rab8 23. Nxd7 Qxd7 24. f3 Nf6 25. Qa6 Ra8 26. Qb7 Ra7 27. Qb6 Rfa8 28. Nc1 Qc8 29. Nd3 Nd7 30. Qb3 Rb8 31. Qa4 Ra6 32. Rxb8 Nxb8 33. Rb1 Nd7 34. Qb3 Ra7 35. Ne5 f6 36. Nxd7 Qxd7 37. Qb8+ 1-0

[Event "1000GM Schev-C-B February 2024"]
[Site "Santa Clara"]
[Date "2024.02.24"]
[Round "1.5"]
[White "Dominguez Aguilar, Guillermo"]
[Black "Jin, Austin"]
[Result "1-0"]
[ECO "E06"]
[WhiteElo "2319"]
[BlackElo "1836"]
[Annotator "RC"]
[PlyCount "111"]
[EventDate "2024.02.13"]
[EventType "schev"]
[EventCountry "USA"]
[SourceTitle "playchess.com"]
[Source "ChessBase"]
[SourceQuality "1"]
[TimeControl "5400+30"]

1. c4 e6 2. Nf3 d5 3. g3 Nf6 4. Bg2 Be7 5. O-O O-O 6. d4 c6 7. Nc3 b6 8. Bf4 Bb7 9. Rc1 Na6 10. cxd5 Nxd5 11. Ne5 Rc8 12. Qa4 b5 13. Qb3 Nac7 14. Bd2 Bd6 15. Ne4 Ne8 16. Rfd1 Qe7 17. Nxd6 Nxd6 18. e4 Nb6 19. Bb4 Rfd8 20. Qa3 Qc7 21. b3 Qb8 22. Rc2 c5 23. dxc5 Nxe4 24. Nd3 Nd7 25. Qc1 Qa8 26. Ba5 Re8 27. f3 Nef6 28. Qe3 Nd5 29. Qf2 e5 30. b4 N5f6 31. Ne1 Nb8 32. Bh3 Nc6 33. Bxc8 Rxc8 34. Rcd2 Nd4 35. Rxd4 exd4 36. Rxd4 Re8 37. Rd3 Bd5 38. a3 h5 39. Bc7 h4 40. g4 Nh7 41. Qxh4 Qc6 42. Bd6 Bc4 43. Rd2 Ng5 44. Qxg5 Rxe1+ 45. Kg2 Qe8 46. Bg3 Bf1+ 47. Kf2 Bh3 48. Bc7 f6 49. Qd5+ Kh7 50. Qf5+ Kh6 51. Bf4+ g5 52. Qxf6+ Kh7 53. Qf5+ Kh8 54. Bxg5 Rf1+ 55. Kg3 Bxg4 56. Bf6+ 1-0

[Event "1000GM Schev-C-B February 2024"]
[Site "Santa Clara"]
[Date "2024.02.24"]
[Round "2.1"]
[White "Vidarte Morales, Arturo"]
[Black "Xia, Joshua"]
[Result "1-0"]
[ECO "D75"]
[WhiteElo "2261"]
[BlackElo "1922"]
[Annotator "TA"]
[PlyCount "135"]
[EventDate "2024.02.13"]
[EventType "schev"]
[EventCountry "USA"]
[SourceTitle "playchess.com"]
[Source "ChessBase"]
[SourceQuality "1"]
[TimeControl "5400+30"]

1. Nf3 Nf6 2. c4 g6 3. Nc3 Bg7 4. d4 d5 5. cxd5 Nxd5 6. g3 O-O 7. Bg2 Nxc3 8. bxc3 c5 9. O-O Qa5 10. Bd2 Rd8 11. e3 (11. Qb3 $14) 11... Bf5 (11... Qc7 $11) 12. Nh4 (12. Ng5 $1 $16) 12... Bc8 $11 13. Nf3 Qc7 14. Rc1 Nc6 15. Qa4 Bd7 {[%emt 0:08:08][%cal Oc6d4] ...Nxd4! ist eine echte Drohung.} 16. Qa3 Be6 17. Ng5 {[%emt 0:08:03][%cal Og5e6] Schwarz muss nun Nxe6! beachten.} Bc4 18. Rfe1 Qa5 (18... b6 {scheint wilder zu sein.} 19. Qa4 b5 20. Qc2 e5) 19. Qxa5 Nxa5 20. Ne4 (20. Nf3 $15) 20... Rac8 $17 (20... Bxa2 $2 21. Ra1 $18 (21. Nxc5 Bd5 $16)) 21. Ra1 (21. dxc5 $2 f5 $19 (21... Bxa2 22. Ra1 $14) (21... Bxa2 22. Ra1 $14)) (21. Nxc5 $2 Rxc5 (21... Bxa2 $2 22. Ra1 $18) 22. dxc5 Rxd2 $19) 21... h6 22. Red1 (22. dxc5 $2 {geht unter.} f5 23. Reb1 fxe4 $19) (22. Nxc5 $2 {ist das falsche Schlagen.} Rxc5 23. dxc5 Rxd2 $19) 22... b6 23. Be1 f5 24. Nd2 Be2 25. Rdc1 e5 26. Nf3 Nc4 27. Nxe5 Nxe5 28. dxe5 Bxe5 29. Bf1 {[%emt 0:01:49] Weiss hat schwache schwarze Felder} Bxf1 30. Kxf1 c4 31. a4 Rc5 32. Rab1 g5 33. h3 f4 34. exf4 gxf4 35. gxf4 Bxf4 36. Rd1 Rcd5 37. Rxd5 Rxd5 $11 {[%emt 0:00:08][%mdl 4096] Endspiel. KRB-KRB} 38. Rb4 Rc5 39. Ke2 Bd6 {[%emt 0:00:30] Droht ...Re5+ und aus.} 40. Rb5 Rc7 41. Bd2 Kg7 42. Be3 Re7 43. Kf3 Kg6 44. Bd4 {[%emt 0:00:54] Lässt Be5 nicht zu} Re6 (44... h5 $14) 45. a5 $1 $16 Bc7 46. axb6 (46. h4 $16) 46... Bxb6 $11 47. Bxb6 axb6 $16 {[%emt 0:00:14] KR-KR} 48. Rb4 Rc6 49. Ke4 Re6+ 50. Kd5 Rf6 51. Kxc4 Rxf2 52. Rxb6+ Kg5 {[%emt 0:00:25] [#]} 53. Rd6 ({Besser ist} 53. h4+ $1 $16 Kh5 54. Rd6) 53... h5 $1 $11 54. Rd3 {[%emt 0:00:15] Droht stark Kd4.} h4 $1 55. Kd4 {[%emt 0:01:26] Und jetzt c4 wäre schön.} Kf6 $2 (55... Rf8 $11) 56. Re3 $2 (56. c4 $18) 56... Kf5 (56... Rd2+ $1 $14 57. Ke4 Rc2) 57. c4 $18 Rd2+ $2 {[%emt 0:01:48] [#]} (57... Rh2 58. Rd3 Ke6) 58. Rd3 $1 Rg2 59. Rf3+ Kg5 $2 (59... Ke6 $18 60. Rf4 Rg8 61. Rxh4 Rg5 62. Rh6+ Kd7) 60. c5 Rc2 61. Rc3 Rd2+ 62. Ke5 Re2+ 63. Kd6 (63. Kd5 $142 Kf6 64. Kd6 Rd2+ 65. Kc7 Rb2 66. c6 Ke6 67. Rc4 Kf7 68. Kd7 (68. Rxh4 Ke6 $18) 68... Rd2+ 69. Kc8) 63... Rd2+ 64. Ke7 {[%emt 0:00:28] Weiß setzt Matt.} Re2+ 65. Kf7 Kf4 66. c6 Ra2 67. c7 Ra7 68. Ke8 {[%emt 0:00:09] Gewichteter Fehlerwert: Weiß=0.25 (präzise) /Schwarz=0.49.  Verlustzug:     	---       	Schwarz=1     Gewinn verpasst:   	Weiß=1     	---        Fehler:       	Weiß=5     	Schwarz=5     Ungenau:       	Weiß=4     	Schwarz=5     OK:         	Weiß=17    	Schwarz=15    Bester:       	Weiß=3     	Schwarz=2     Stark:        	Weiß=2     	Schwarz=2} 1-0

[Event "1000GM Schev-C-B February 2024"]
[Site "Santa Clara"]
[Date "2024.02.24"]
[Round "2.2"]
[White "Gracia Alvarez, Gerardo Antonio"]
[Black "Qi, Jenny"]
[Result "1-0"]
[ECO "B53"]
[WhiteElo "2224"]
[BlackElo "1605"]
[Annotator "RC"]
[PlyCount "65"]
[EventDate "2024.02.13"]
[EventType "schev"]
[EventCountry "USA"]
[SourceTitle "playchess.com"]
[Source "ChessBase"]
[SourceQuality "1"]
[TimeControl "5400+30"]

1. e4 c5 2. Nf3 d6 3. d4 cxd4 4. Qxd4 Nc6 5. Qe3 Nf6 6. Be2 g6 7. O-O Bg7 8. h3 O-O 9. Rd1 Be6 10. Nc3 Qc8 11. a3 Rd8 12. Nd5 Bxd5 13. exd5 Ne5 14. Nxe5 dxe5 15. c4 Nd7 16. b4 e4 17. Rb1 f5 18. c5 Nf6 19. Qb3 Kh8 20. Bf4 Nd7 21. Rbc1 Ne5 22. Qg3 Nd3 23. Bxd3 exd3 24. Rxd3 Qd7 25. Re1 Re8 26. Be5 Rad8 27. h4 Bxe5 28. Qxe5+ Kg8 29. h5 a5 30. hxg6 hxg6 31. Rh3 Qxd5 32. Qh8+ Kf7 33. Rh7# 1-0

[Event "1000GM Schev-C-B February 2024"]
[Site "Santa Clara"]
[Date "2024.02.24"]
[Round "2.3"]
[White "Echavarria, Johann"]
[Black "Widjaja, Luke"]
[Result "1-0"]
[ECO "D38"]
[WhiteElo "2269"]
[BlackElo "2037"]
[Annotator "TA"]
[PlyCount "61"]
[EventDate "2024.02.13"]
[EventType "schev"]
[EventCountry "USA"]
[SourceTitle "playchess.com"]
[Source "ChessBase"]
[SourceQuality "1"]
[TimeControl "5400+30"]

1. d4 d5 2. c4 e6 3. Nf3 Nf6 4. Nc3 Bb4 5. cxd5 exd5 6. Bg5 h6 7. Bh4 g5 8. Bg3 Ne4 9. Nd2 $1 {Ndxe4 ist eine echte Drohung.} Bf5 (9... Nxc3 $11 {bleibt in der Remisbreite.} 10. bxc3 (10. Qb3 Nxa2 11. Rxa2 Nc6 $17) 10... Bxc3) 10. Ndxe4 $16 Bxe4 11. Qb3 {Weiß steht besser.} Nc6 12. e3 {Weiss will Bb5 spielen.} Qe7 13. O-O-O {[#] f3 wäre nun fies.} Bxc3 14. bxc3 O-O 15. Kb2 Rfb8 (15... Na5 $11 16. Qb5 (16. Qb4 Qxb4+ 17. cxb4 Nc4+ 18. Bxc4 dxc4 $11) 16... Nc4+ 17. Bxc4 dxc4) 16. f3 $14 Bg6 (16... Na5 17. Qb4 Nc6 18. Qxe7 Nxe7 19. fxe4 $18) 17. Qxd5 Qxe3 18. Bb5 $36 {[%cal Oh1e1][%mdl 2048] [#] Schwarz muss nun Rhe1! beachten. Weiss hat starke Initiative. Aktives Gegenspiel!} (18. Bxc7 Rc8 19. Bd6 g4 $11) 18... Qe7 (18... Rd8 $142 19. Qc4 g4) 19. Rde1 Qf6 20. h4 Rd8 21. Qc5 h5 $2 {[%emt 0:00:30][%mdl 8192] Danach kann Schwarz die Partie nicht mehr halten.} (21... Kg7 $16 {kämpft weiter.} 22. Bxc6 (22. Bxc7 Rd7 $18) 22... Qxc6) 22. hxg5 $18 (22. Bxc7 gxh4 23. Bxd8 Rxd8 24. Bxc6 bxc6) 22... Qg7 {[%emt 0:00:30] Schwarz hat schwache schwarze Felder} 23. Bxc6 (23. Bxc7 Rdc8 24. Qd6 a6 $18) 23... bxc6 24. Be5 (24. Qxc6 Qf8 25. Bxc7 Rxd4 $18) 24... Qh7 (24... Qf8 25. Qxf8+ (25. Qxc6 Rab8+ 26. Ka1 Qa3 $16) 25... Rxf8) 25. g4 Rab8+ 26. Ka1 Rd5 27. Qxc6 Rdb5 28. Bf6 {[%emt 0:00:30] Weiß setzt Matt.} Rb1+ 29. Rxb1 Bxb1 30. Qxc7 (30. gxh5 Qc2) 30... Re8 31. gxh5 {[%emt 0:00:30] Gewichteter Fehlerwert: Weiß=0.14 (sehr präzise) /Schwarz=0.82.  Verlustzug:     	---       	Schwarz=1     Fehler:       	---       	Schwarz=4     Ungenau:       	Weiß=3     	Schwarz=2     OK:         	Weiß=10    	Schwarz=4     Bester:       	---       	Schwarz=1} (31. Rxb1 $142 Qd3 32. gxh5 (32. Qxa7 $2 {führt zum Matt.} Qxc3+ 33. Rb2 Re1#) 32... Rf8 33. g6 (33. Qxa7 Qxc3+ 34. Rb2 Qc1+ 35. Rb1 Qc3+ 36. Rb2 Qe1+ 37. Rb1 Qc3+ $11) 33... Qxf3 34. Be5 (34. gxf7+ Kh7 $18) 34... Qg4 35. h6 (35. Qxa7 Qc8 $18) (35. gxf7+ Kh7 36. Bd6 Qc8 37. Qxc8 Rxc8 38. f8=Q Rxf8 39. Bxf8 Kg8) 35... Qxg6 36. h7+ (36. Qxa7 Kh7 $18) 36... Kxh7 37. Rh1+ (37. Qxa7 Qc6 $18) 37... Qh6 38. Rxh6+ Kxh6 39. Bf6 (39. Qxa7 Rg8 40. Qxf7 Rg5 41. Kb2 Rg2+ 42. Kb3 Rg5 43. a4 Rg4 44. Bf4+ Rxf4)) 1-0

[Event "1000GM Schev-C-B February 2024"]
[Site "Santa Clara"]
[Date "2024.02.24"]
[Round "2.4"]
[White "Chinni, Rishabh"]
[Black "Dominguez Aguilar, Guillermo"]
[Result "0-1"]
[ECO "B34"]
[WhiteElo "1939"]
[BlackElo "2319"]
[Annotator "TA"]
[PlyCount "102"]
[EventDate "2024.02.13"]
[EventType "schev"]
[EventCountry "USA"]
[SourceTitle "playchess.com"]
[Source "ChessBase"]
[SourceQuality "1"]
[TimeControl "5400+30"]

1. e4 c5 2. Nf3 Nc6 3. d4 cxd4 4. Nxd4 Nf6 5. Nc3 g6 6. Be3 Bg7 7. f3 O-O 8. Qd2 d5 9. exd5 Nxd5 10. Nxd5 Qxd5 11. Nxc6 Qxc6 12. O-O-O (12. c3 $11 {hält das Gleichgewicht.}) 12... Bf5 $17 {[%emt 0:03:12][%cal Oa8d8] Droht stark ...Rad8!} 13. Bd3 Rfd8 14. Qe2 {[%emt 0:00:45] [#] Schwarz steht besser.} Qe6 {[%emt 0:23:36] Schwarz steht aktiver.} (14... Be6 $1 $17 15. a3 Qd5) 15. Bc4 $15 Qe5 16. c3 Rdc8 {[%emt 0:04:51][%cal Oc8c4] Droht ...Rxc4! und aus.} (16... Rxd1+ {vereinfacht} 17. Rxd1 Qxh2 18. Bd5 Bh6) 17. Rd5 Qf6 (17... Qb8 $15) 18. g4 $14 Qh4 (18... Be6 $2 19. Bg5 $18) (18... Rxc4 $14 19. Qxc4 Be6) 19. gxf5 Rxc4 20. fxg6 hxg6 21. Bg5 Bh6 22. f4 (22. Qxe7 $6 Bxg5+ 23. Qxg5 Rb8 $14) 22... Bxg5 23. Qxc4 Bxf4+ (23... Qxf4+ $16 {ist eine bessere Verteidigung.} 24. Qxf4 Bxf4+ 25. Kc2 b6) 24. Kb1 $18 Qf6 {[%emt 0:02:05] [#]} 25. Qe4 $1 Bd6 (25... Kg7 {war einen Versuch wert.} 26. Rd7 Be5 27. Rxb7 (27. Qxb7 Rb8 $11) 27... Rh8) 26. h4 Kg7 27. Rdd1 Rh8 28. Qxb7 Rb8 (28... Qf5+ $142 29. Ka1 Qc5) 29. Qxa7 Be5 30. Ka1 Qc6 31. Qe3 (31. Qxe7 $2 Qxc3 32. Rb1 Qxb2+ (32... Rxb2 $2 33. Qxe5+ Qxe5 34. Rxb2 $19) 33. Rxb2 Bxb2+ 34. Kb1 Ba3+ 35. Kc2 Bxe7 $19) 31... Bf6 32. h5 {[%emt 0:00:30][%cal Bh4h5,Bh5h6,Bh6h7][%mdl 32] hxg6 ist eine echte Drohung.} g5 33. h6+ Kh8 34. h7 Ra8 35. Qd2 {[%emt 0:01:30][%cal Od2d8] Und Qd8+! würde nun gewinnen.} e6 36. Rh6 Qc4 37. a3 (37. b3 $18 Qf4 38. Qxf4 Bxc3+ 39. Kb1 gxf4 40. a4) 37... Rxa3+ $1 $40 {[%emt 0:00:14][%mdl 128] Schwarz greift an.} 38. Kb1 $1 {[%emt 0:01:18][%cal Od2d8] jetzt Qd8+! und aus.} Qa2+ 39. Kc1 Ra8 {[%emt 0:00:25] Pariert Qd8+.} (39... Rb3 40. Qd8+ (40. Rxf6 Qa1+ 41. Kc2 Rxb2+ 42. Kd3 Rxd2+ 43. Rxd2 Qb1+ 44. Ke3 Qg1+ 45. Kd3 Kxh7 $17) 40... Bxd8 41. Rxd8+ Kg7 42. h8=Q#) 40. Qd7 $2 {[%emt 0:02:10][%mdl 8192] [#]} (40. Rxf6 $11 Qa1+ 41. Kc2 Qa4+ 42. Kc1 (42. b3 Qa2+ 43. Kd3 Rd8+ 44. Ke2 Qa6+ $11) 42... Qa1+ 43. Kc2 Qa4+ 44. Kc1 (44. b3 Qa2+ 45. Kd3 Rd8+ 46. Ke2 Rxd2+ 47. Rxd2 Qa6+ 48. Kf2 Qa7+ 49. Kg2 Kxh7 $11) 44... Qa1+) 40... Rb8 $1 $19 41. Rd2 (41. b4 Qa3+) 41... Qa1+ 42. Kc2 Qxb2+ (42... Rxb2+ $142 43. Kd3 Qf1+ 44. Ke3 Qe1+ (44... Bxc3 45. Qe8+ Kg7 46. h8=Q#) 45. Kf3 g4+ (45... Rxd2 46. Qe8+ Kg7 47. h8=Q#) 46. Kf4 Qe5+ (46... Rxd2 47. Qe8+ Kg7 48. h8=Q#) 47. Kxg4 Qf5+ (47... Qxc3 48. Qe8+ Kg7 49. h8=Q#) 48. Kg3 Be5+ (48... Bxc3 49. Qe8+ Kg7 50. h8=Q#) 49. Kg2 Qg4+ (49... Bxc3 50. Qe8+ Kg7 51. h8=Q#) (49... Qg5+ 50. Kf3 Qg3+ 51. Ke2 Qg4+ 52. Kf1 Rb1+ 53. Rd1 Rxd1+ 54. Qxd1 Qxd1+ 55. Kf2 Bxc3 56. Rh2 Bd4+ 57. Kg3 Be5+ 58. Kf2 Bxh2 59. Ke3 Bg1+ 60. Kf4 Bf2 61. Kg5 Qf3 62. Kh6 Be3#) 50. Kf1 Rb1+ (50... Bxc3 51. Qe8+ Kg7 52. h8=Q#) (50... Qf3+ 51. Kg1 Rb1+ 52. Rd1 Rxd1+ 53. Qxd1 Qxd1+ 54. Kf2 Bxc3 55. Rh2 Bd4+ 56. Kg3 Be5+ 57. Kf2 Bxh2 58. Kg2 Qe2+ 59. Kh1 Bg3 60. Kg1 Qf2+ 61. Kh1 Qh2#) 51. Rd1 Rxd1+ 52. Qxd1 Qxd1+ 53. Kf2 Bxc3 (53... Qd2+ 54. Kf3 Qxh6 55. Ke4 Qh5 56. Kd3 Qf3+ 57. Kd2 Qxc3+ 58. Ke2 Bd4 59. Kd1 Qd3+ 60. Kc1 Qe2 61. Kb1 Qb2#) 54. Rh2 Bd4+ 55. Kg3 Be5+ 56. Kf2 Bxh2 57. Ke3 Bg1+ (57... Kxh7 58. Kf2 Bf4 59. Kg2 Qe2+ 60. Kh3 Kg6 61. Kh4 Qh5#) 58. Kf4 Bf2 (58... Kxh7 59. Kg3 Qd2 60. Kh4 Qg2 61. Kh5 f5 62. Kh4 Qg4#) 59. Kg5 Qf3 60. Kh6 Be3#) 43. Kd1 Qxc3 (43... Qb1+ 44. Ke2 Qe4+ (44... Bxc3 45. Qd8+ Rxd8 46. Rxd8+ Kg7 47. h8=Q#) 45. Kf2 Qf4+ (45... Bxc3 46. Qd8+ Rxd8 47. Rxd8+ Kg7 48. h8=Q#) 46. Kg2 $19) 44. Ke2 {[%emt 0:01:19] Gegen Qf3+ gerichtet.} Qe5+ 45. Kf2 Qf4+ 46. Kg2 g4 {[%emt 0:01:12] ( -> ...Qf3+)} 47. Qd6 (47. Rxf6 $19 Qxf6 48. Qd3) 47... Qe4+ {[%emt 0:00:45] Schwarz setzt Matt.} ({Minderwertig wäre} 47... Be5 48. Qxb8+ Bxb8 49. Rd8+ Kg7 50. h8=Q#) 48. Kg1 Rb1+ 49. Rd1 Bd4+ 50. Kh2 Be5+ ({Nicht} 50... Rxd1 51. Qf8#) 51. Kg1 Bxd6 {[%emt 0:00:30] Gewichteter Fehlerwert: Weiß=0.62/Schwarz=0.48.  Verlustzug:     	Weiß=1     	---        Gewinn verpasst:   	Weiß=1     	---        Fehler:       	Weiß=1     	Schwarz=6     Ungenau:       	Weiß=2     	---        OK:         	Weiß=17    	Schwarz=11    Bester:       	Weiß=2     	Schwarz=2     Stark:        	Weiß=1     	Schwarz=2} 0-1

[Event "1000GM Schev-C-B February 2024"]
[Site "Santa Clara"]
[Date "2024.02.24"]
[Round "2.5"]
[White "Jin, Austin"]
[Black "Gongora Montes, Benjamin"]
[Result "1-0"]
[ECO "C02"]
[WhiteElo "1836"]
[BlackElo "2173"]
[Annotator "RC"]
[PlyCount "67"]
[EventDate "2024.02.13"]
[EventType "schev"]
[EventCountry "USA"]
[SourceTitle "playchess.com"]
[Source "ChessBase"]
[SourceQuality "1"]
[TimeControl "5400+30"]

1. e4 e6 2. d4 d5 3. e5 c5 4. c3 Nc6 5. Nf3 Bd7 6. Be2 cxd4 7. cxd4 b5 8. O-O Nge7 9. Bxb5 Nxe5 10. Nxe5 Bxb5 11. Nc3 Bd7 12. Re1 f6 13. Nd3 Kf7 14. Nf4 Rb8 15. Qe2 Rb6 16. a4 Qc8 17. a5 Rb4 18. Be3 Qb8 19. Bc1 Qc8 20. Be3 Nf5 21. Rac1 Qb8 22. Qh5+ Kg8 23. Nd3 Rc4 24. Ne2 Bb4 25. Red1 Be8 26. Qh3 Rxc1 27. Rxc1 Bxa5 28. Nef4 Bf7 29. Nxd5 h6 30. N5f4 Kh7 31. d5 Nxe3 32. fxe3 Rc8 33. Rxc8 Qxc8 34. dxe6 1-0